 Dungeon Crawl Stone Soup version 0.24.0-125-gc4c63601f3 (webtiles) character file.

Game seed: 3640780674932285013, levelgen mode: deterministic

13804 Frank2 the Basher (level 11, -4/86 HPs)
             Began as a Demonspawn Gladiator on Mar 6, 2020.
             Was a Priest of Ru.
             Slain by Snorg (18 damage)
             ... on level 3 of the Lair of Beasts.
             The game lasted 00:20:54 (11747 turns).

Frank2 the Basher (Demonspawn Gladiator)           Turns: 11747, Time: 00:20:54

Health: -4/86      AC: 14    Str: 20    XL:     11   Next: 80%
Magic:  17/17      EV: 15    Int:  9    God:    Ru [***...]
Gold:   1049       SH:  0    Dex: 18    Spells: 10/10 levels left

rFire    . . .     SeeInvis .   I - +3 flail (drain)
rCold    . . .     Gourm    .   (shield unavailable)
rNeg     . . .     Faith    .   e - +0 ring mail
rPois    .         Spirit   .   c - +1 helmet
rElec    .         Reflect  .   k - +0 cloak
rCorr    .         Harm     .   p - +0 pair of gloves
MR       .....                  (no boots)
Stlth    ..........             (no amulet)
HPRegen  0.24/turn              (ring unavailable)
MPRegen  0.15/turn              G - +5 ring of strength

@: no status effects
A: talons 2, slimy green scales 2, powered by death 2, missing a hand, no
stealth
a: Draw Out Power, Renounce Religion


You were on level 3 of the Lair of Beasts.
You worshipped Ru.
Ru was most pleased with you.
You were hungry.

You visited 3 branches of the dungeon, and saw 13 of its levels.
You also visited: Sewer.

You collected 1146 gold pieces.
You spent 97 gold pieces at shops.

Inventory:

Hand Weapons
 a - a +4 flail
 I - a +3 flail of draining (weapon)
Missiles
 b - 2 throwing nets (quivered)
Armour
 c - a +1 helmet (worn)
 e - a +0 ring mail (worn)
 k - a +0 cloak (worn)
 p - a +0 pair of gloves (worn)
Jewellery
 G - a +5 ring of strength (right hand)
Wands
 i - a wand of random effects (20)
 u - a wand of disintegration (21)
 z - a wand of clouds (1)
 H - a wand of enslavement (29)
Scrolls
 r - 2 scrolls of identify
 s - 2 scrolls of blinking
 t - a scroll of holy word {unknown}
 v - a scroll of teleportation
 w - 4 scrolls of amnesia
 y - a scroll of fear
 C - 3 scrolls of remove curse
Potions
 d - a potion of might
 g - a potion of lignification
 h - 3 potions of haste
 j - a potion of berserk rage
 l - 3 potions of brilliance
 m - 6 potions of flight
 n - 4 potions of curing
 o - a potion of degeneration {unknown}
 q - a potion of resistance {unknown}
 A - a potion of agility {unknown}
Comestibles
 f - 23 rations


   Skills:
 + Level 7.9 Fighting
 + Level 11.4 Maces & Flails
 - Level 1.7 Throwing
 + Level 6.8 Armour
 + Level 6.3 Dodging
 * Level 8.2 Evocations


You had 10 spell levels left.
You didn't know any spells.
Your spell library contained the following spells:

 Spells                   Type           Power        Failure   Level  Hunger
 Flame Tongue             Conj/Fire      #....        54%         1    ##.....
 Sting                    Conj/Pois      #...         54%         1    ##.....
 Poisonous Vapours        Pois/Air       #.....       67%         2    ###....
 Throw Flame              Conj/Fire      #.....       67%         2    ###....
 Conjure Flame            Conj/Fire      #.......     88%         3    ####...
 Inner Flame              Hex/Fire       #.......     88%         3    ####...
 Mephitic Cloud           Conj/Pois/Air  #.......     88%         3    ####...
 Olgreb's Toxic Radiance  Pois           #.......     99%         4    #####..
 Sticky Flame             Conj/Fire      #.......     99%         4    #####..
 Fireball                 Conj/Fire      #.........   100%        5    ######.
 Irradiate                Conj/Tmut      #.........   100%        5    ######.
 Venom Bolt               Conj/Pois      #.........   100%        5    ######.
 Hydra Form               Tmut           #.........   100%        6    #######
 Statue Form              Tmut/Erth      #........    100%        6    #######
 Dragon Form              Tmut           #.........   100%        7    #######


Dungeon Overview and Level Annotations

Branches:
Dungeon (9/15)             Temple (1/1) D:7            Lair (3/6) D:9
 Shoals (0/4) Lair:2        Sewer (visited)
  Snake: Lair:2-4    Spider: Lair:2-4       Orc: D:9-12

Altars:
Ashenzari
Cheibriados
Dithmenos
Elyvilon
Fedhas
Gozag
Hepliaklqana
Kikubaaqudgha
Makhleb
Nemelex Xobeh
Okawaru
Qazlal
Ru
Sif Muna
Trog
Uskayaw
Vehumet
Wu Jian
Xom
Yredelemnul
Zin
The Shining One

Shops:
D:5 ?   D:9 :

Annotations:
Lair:2 exclusion: oklob plant
Lair:3 exclusion: oklob plant, Snorg


Innate Abilities, Weirdness & Mutations

You have razor-sharp toenails.
You are mostly covered in slimy green scales. (AC +3)
You regenerate health from kills.
You are missing a hand.
You cannot be stealthy.


Message History

Snorg bites you but does no damage. Snorg closely misses you. Snorg claws you!
You are feeling hungry.
Snorg bites you!!
You focus your will and illuminate Snorg in retribution!
Snorg closely misses you. Snorg claws you. Snorg bites you!
Snorg barely misses you. Snorg closely misses you.
Snorg rages.
Snorg bites you!!
* * * LOW HITPOINT WARNING * * *
You focus your will and slow Snorg in retribution!
Snorg claws you but does no damage. Snorg claws you.
* * * LOW HITPOINT WARNING * * *
Evoke which item? (* to show all) (? for menu, Esc to quit)
Aiming: Cloud Cone
Press: ? - help, Dir - move target cursor, f/p - Snorg
Aim: Snorg (lightly wounded, berserk, fast+slow, unusually strong, softly glowing)
You create a blast of freezing vapour!
The plant is engulfed in freezing vapours.
Snorg stops glowing.
Snorg is engulfed in freezing vapours.
Snorg bites you!!
You die...

# ##......#.#...##.P..P#P#.
.##.###.#(..#................(
.........##....#..##.P..####P#
P.P.....##..§§§#..##.#P..# ###
.####.#.......§§§§.....#.>.#
..P# # #..#....§§§.....>...P#
...# ##.##.###§P.#...#.#.##
...## (.P..###T##........##
..#.##P_P......#@###...P#.#.#
.......P....##...####...#####
....##..P..# #....##...##
P..##P..... #...#####.#
.......#..#####...# #.##
....<... #..#.....# ##..#
...###. #......####...#
...########..#}P.###.#.##
#............P.P..###..#


You could see Snorg (berserk).

Vanquished Creatures
  A hydra (Lair:2)
  2 two-headed ogres (D:8)
  Urug (Lair:2)
  Maurice (D:9)
  6 spiny frogs
  3 komodo dragons
  A hornet (D:7)
  2 hippogriffs
  3 blink frogs (Lair:2)
  Sigmund (D:5)
  A wyvern (Lair:2)
  A basilisk (D:9)
  2 hungry ghosts (D:8)
  5 water moccasins
  3 orc warriors
  5 porcupines
  4 black bears
  An ice beast (D:6)
  3 sky beasts
  A hornet zombie (D:7)
  8 ogres
  4 phantoms
  5 wolves
  4 centaurs
  3 crocodiles
  7 bullfrogs
  2 gnoll sergeants (D:6)
  3 scorpions
  5 killer bees (D:7)
  2 electric eels (Lair:2)
  6 howler monkeys
  A jelly (D:5)
  5 crimson imps
  A centaur zombie (D:9)
  5 orc priests
  A centaur skeleton (D:8)
  Ijyb (D:4)
  3 bullfrog skeletons
  4 hounds
  4 orc wizards
  4 iguanas
  5 worker ants
  A killer bee zombie (D:7)
  2 hound zombies
  4 hound skeletons
  14 adders
  16 gnolls
  2 shadow imps
  3 oozes
  2 worms
  6 leopard geckos
  24 orcs
  A ball python (Sewer)
  19 giant cockroaches
  7 hobgoblins
  13 jackals
  6 kobolds
  4 quokkas
  6 bats
  9 frilled lizards
  12 goblins
  A quokka skeleton (D:7)
  11 rats
293 creatures vanquished.

Vanquished Creatures (others)
  A wolf (Lair:2)
  2 plants (Lair:2)
3 creatures vanquished.

Grand Total: 296 creatures vanquished

Notes
Turn   | Place    | Note
-------+----------+-------------------------------------------
     0 | D:1      | Frank2 the Demonspawn Gladiator began the quest for the
                  | Orb.
     0 | D:1      | Reached XP level 1. HP: 16/16 MP: 1/1
     2 | D:1      | Noticed a minotaur skeleton
     6 | D:1      | Noticed a minotaur skeleton
     8 | D:1      | Noticed a dwarf
    10 | D:1      | Noticed a gargoyle
    12 | D:1      | Noticed a minotaur
    16 | D:1      | Noticed a felid
    18 | D:1      | Noticed a formicid
    18 | D:1      | Noticed a felid
   201 | D:1      | Reached skill level 3 in Maces & Flails
   203 | D:1      | Gained mutation: You regenerate a little health from kills.
                  | [demonic ancestry]
   203 | D:1      | Reached XP level 2. HP: 7/22 MP: 2/2
   837 | D:2      | Reached XP level 3. HP: 27/27 MP: 3/3
  1545 | D:2      | Gained mutation: You are partially covered in slimy green
                  | scales. (AC +2) [demonic ancestry]
  1545 | D:2      | Reached XP level 4. HP: 14/34 MP: 4/4
  1940 | D:3      | Found a glowing drain.
  1948 | D:3      | Reached skill level 1 in Armour
  1961 | Sewer    | Entered a sewer
  2107 | Sewer    | Reached skill level 4 in Maces & Flails
  2251 | Sewer    | Noticed a bullfrog
  2263 | Sewer    | Killed a bullfrog
  2263 | Sewer    | Gained mutation: You have sharp toenails. [demonic
                  | ancestry]
  2263 | Sewer    | Reached XP level 5. HP: 27/40 MP: 5/5
  2692 | D:3      | Gained mutation: You have razor-sharp toenails. [demonic
                  | ancestry]
  2692 | D:3      | Reached XP level 6. HP: 19/47 MP: 6/6
  3174 | D:3      | Noticed a sky beast
  3188 | D:3      | Killed a sky beast
  3188 | D:3      | Reached skill level 5 in Maces & Flails
  3366 | D:4      | Reached skill level 1 in Evocations
  3383 | D:4      | Gained mutation: You regenerate health from kills. [demonic
                  | ancestry]
  3383 | D:4      | Reached XP level 7. HP: 11/52 MP: 6/8
  3836 | D:4      | Found a burning altar of Makhleb.
  3921 | D:4      | Noticed Ijyb
  3933 | D:4      | Killed Ijyb
  4144 | D:5      | Entered Level 5 of the Dungeon
  4230 | D:5      | Found Byte's Magic Scroll Emporium.
  4235 | D:5      | Bought a scroll of enchant armour for 97 gold pieces
  4332 | D:5      | Noticed Sigmund
  4344 | D:5      | Reached skill level 6 in Maces & Flails
  4354 | D:5      | Killed Sigmund
  4354 | D:5      | Gained mutation: You are mostly covered in slimy green
                  | scales. (AC +3) [demonic ancestry]
  4354 | D:5      | Reached XP level 8. HP: 15/60 MP: 8/10
  5118 | D:5      | Reached skill level 7 in Maces & Flails
  5567 | D:6      | Reached XP level 9. HP: 47/66 MP: 12/12
  6168 | D:6      | Reached skill level 8 in Maces & Flails
  6170 | D:6      | Reached skill level 5 in Fighting
  6597 | D:7      | Reached skill level 5 in Evocations
  6838 | D:7      | Reached skill level 5 in Dodging
  6849 | D:7      | Found a stormy altar of Qazlal.
  6850 | D:7      | Found a shattered altar of Ashenzari.
  6851 | D:7      | Found a snail-covered altar of Cheibriados.
  6877 | D:7      | Found a hazy altar of Hepliaklqana.
  6877 | D:7      | Found a hide-covered altar of Uskayaw.
  6994 | D:7      | Reached skill level 5 in Armour
  7046 | D:7      | Found a staircase to the Ecumenical Temple.
  7176 | Temple   | Entered the Ecumenical Temple
  7205 | Temple   | Became a worshipper of Ru the Awakened
  7386 | D:7      | Reached skill level 9 in Maces & Flails
  7612 | D:8      | Reached XP level 10. HP: 74/74 MP: 14/14
  7753 | D:8      | Noticed a two-headed ogre
  7759 | D:8      | Killed a two-headed ogre
  7888 | D:8      | Found a shadowy altar of Dithmenos.
  7893 | D:8      | Noticed a two-headed ogre
  7920 | D:8      | Killed a two-headed ogre
  8241 | D:8      | Gained mutation: You are missing a hand. [Ru sacrifice]
  8241 | D:8      | Reached * piety under Ru
  8241 | D:8      | Reached ** piety under Ru
  8562 | D:9      | Found Joseku's Book Shoppe.
  8640 | D:9      | Found a bloodstained altar of Trog.
  8648 | D:9      | Found a sparkling altar of Nemelex Xobeh.
  8653 | D:9      | Found an ancient bone altar of Kikubaaqudgha.
  8730 | D:9      | Reached skill level 10 in Maces & Flails
  8761 | D:9      | Noticed Maurice
  8763 | D:9      | Paralysed by something for 6 turns
  8779 | D:9      | Paralysed by something for 4 turns
  8794 | D:9      | Killed Maurice
  9067 | D:9      | Reached XP level 11. HP: 76/83 MP: 16/16
  9079 | D:9      | Found a staircase to the Lair.
  9335 | Lair:1   | Entered Level 1 of the Lair of Beasts
  9911 | Lair:1   | Found a stormy altar of Qazlal.
 10140 | Lair:2   | Noticed Urug
 10153 | Lair:2   | Killed Urug
 10175 | Lair:2   | Noticed a seven-headed hydra
 10189 | Lair:2   | Killed a seven-headed hydra
 10233 | Lair:2   | Reached skill level 11 in Maces & Flails
 10543 | Lair:2   | Noticed an oklob plant
 10845 | Lair:2   | Found a staircase to the Shoals.
 11006 | Lair:2   | Gained mutation: You cannot be stealthy. [Ru sacrifice]
 11006 | Lair:2   | Reached *** piety under Ru
 11681 | Lair:3   | Found a shattered altar of Ashenzari.
 11684 | Lair:3   | Noticed Snorg
 11716 | Lair:3   | Noticed an oklob plant
 11747 | Lair:3   | Slain by Snorg

Levels and vault maps discovered:
D:1:      shiori_arrival_whats_in_store_for_you, layout_loops_corners,
          minmay_split_cup_large
D:2:      layout_basic
D:3:      layout_rooms, gup_sewer_entry_glass, kennysheep_generic_room_12
D:4:      layout_basic, kennysheep_little_box, first_ration, uniq_ijyb
D:5:      minmay_polygon_palace, layout_basic, serial_shops, shop,
          serial_bayou_pond_e, uniq_sigmund
D:6:      layout_gridville
D:7:      layout_loops_ring, minmay_overflow_temple_star_hex,
          minmay_temple_entry_waves, grunt_ogre_cave, minmay_circle_x
D:8:      layout_loops_ring, nicolae_dithmenos_shadow_blocks
D:9:      layout_basic, minmay_overflow_temple_star_quad,
          minmay_lair_entry_grove, serial_shops, kennysheep_mini, uniq_maurice
Temple:   minmay_temple_bridge_abc
Lair:1:   layout_hall_layers, basic_altar
Lair:2:   layout_cave_pods, shoals_dummy_entry, grunt_megastairs_2,
          serial_bayou_shore_a, minmay_lair_oklob_chamber, uniq_urug
Lair:3:   layout_loops_ring, lemuel_oklob_altar, uniq_snorg

Skill      XL: |  1  2  3  4  5  6  7  8  9 10 11 |
---------------+----------------------------------+-----
Maces & Flails | 3 4 5 6 7 9 10 11 | 11.4
Dodging        | 3 4 5 6 |  6.3
Armour         | 1 2 3 4 5 6 |  6.8
Fighting       | 3 4 5 6 7 |  7.9
Evocations     | 1 2 4 5 7 8 |  8.2
Throwing       | |  1.7

Action                   |  1- 3 |  4- 6 |  7- 9 | 10-12 || total
-------------------------+-------+-------+-------+-------++-------
Melee: Flail             |   127 |   216 |   472 |   364 ||  1179
       Kick              |       |    30 |   155 |   159 ||   344
Throw: Throwing net      |       |     3 |       |       ||     3
Invok: Sacrifice a Hand  |       |       |       |     1 ||     1
       Sacrifice Stealth |       |       |       |     1 ||     1
Evoke: Wand              |       |       |     6 |    11 ||    17
  Use: Scroll            |     3 |     5 |     5 |    15 ||    28
       Potion            |       |       |     2 |     2 ||     4
 Stab: Sleeping          |     2 |       |       |       ||     2
       Confused          |       |       |     2 |     3 ||     5
       Distracted        |       |       |       |     2 ||     2
       Paralysed         |       |       |       |     6 ||     6
       Invisible         |       |       |       |     1 ||     1
  Eat: Chunk             |     1 |     7 |    15 |    12 ||    35
       Ration            |       |       |     1 |     1 ||     2
Armor: Leather armour    |    41 |     5 |       |       ||    46
       Ring mail         |       |   105 |   198 |   122 ||   425
Dodge: Dodged            |   109 |   138 |   325 |   269 ||   841
